[Event "Late-Titled-Tuesday-Blitz-February-20-2024"]
[Site "Chess.com"]
[Date "2024.02.20"]
[Round "10"]
[White "MaestroCheck"]
[Black "Happy1712Drummer"]
[Result "0-1"]
[WhiteElo "2542"]
[BlackElo "2388"]
[TimeControl "180+1"]
[EndTime "15:53:56 PST"]
[Termination "Happy1712Drummer won by resignation"]

1. e4 e6 2. d4 d5 3. Nd2 Nf6 4. e5 Nfd7 5. Bd3 c5 6. c3 Nc6 7. Ne2 cxd4 8. cxd4 f6 9. exf6 Qxf6 10. Nf3 h6 11.
O-O Bd6 12. Bb5 O-O 13. Ng3 Kh8 14. Bxc6 bxc6 15. Qa4 Bb7 16. Bd2 e5 17. dxe5 Nxe5 18. Nxe5 Bxe5 19. Bc3 d4 20. Bb4 Rfd8 21. Bc5 Rd5 22. b4 a5 23. Rad1 axb4 24. Qxb4 Ba6 25. Rfe1 Bb5 26. Rd2 Ra4 27. Qb1 Rxc5 28. Ne4 Bxh2+ 29.
Kxh2 Qh4+ 30. Kg1 Rh5 31. f3 Rb4 32. Qd1 c5 33. Nd6 Qh2+ 34. Kf2 Qxd6 0-1

[Event "Late-Titled-Tuesday-Blitz-February-20-2024"]
[Site "Chess.com"]
[Date "2024.02.20"]
[Round "10"]
[White "Piotrek1979"]
[Black "GoltsevDmitry2000"]
[Result "0-1"]
[WhiteElo "2453"]
[BlackElo "2772"]
[TimeControl "180+1"]
[EndTime "15:53:59 PST"]
[Termination "GoltsevDmitry2000 won by resignation"]

1. Nf3 d5 2. e3 c6 3. b3 Nf6 4. Bb2 g6 5. c4 Bg7 6. Be2 Nh5 7. d4 O-O 8. O-O Nd7 9. Nbd2 f5 10. cxd5 cxd5 11.
Rc1 e6 12. Qc2 Nb6 13. Ne5 Nf6 14. a4 Bd7 15. Qc7 Rb8 16. a5 Na8 17. Qxd8 Rfxd8 18. Ba3 Bf8 19. Bxf8 Kxf8 20. Ndf3 Ke7 21. h4 Rdc8 22. Ng5 Nc7 23. Nxd7 Kxd7 24. f3 Ke7 25. Nh3 Nh5 26. Kf2 Ne8 27. Bd3 Nd6 28. Rfd1 Nf6 29. Nf4 Nd7 30.
Be2 Rxc1 31. Rxc1 Rc8 32. Rxc8 Nxc8 33. Nd3 Nd6 34. Nf4 Nb8 35. Ke1 a6 36. h5 gxh5 37. Nxh5 Nc6 38. Kd2 Nxa5 39. Kc3 Nc6 40. Nf4 b5 41.
Nd3 Nb7 42. b4 a5 43. bxa5 Nbxa5 44. Nb4 Nxb4 45. Kxb4 Nc4 46. e4 fxe4 47. fxe4 dxe4 48. Kxb5 Ne3 49. Kc6 Nxg2 0-1

[Event "Late-Titled-Tuesday-Blitz-February-20-2024"]
[Site "Chess.com"]
[Date "2024.02.20"]
[Round "10"]
[White "jefferyx"]
[Black "Zkid"]
[Result "1-0"]
[WhiteElo "3046"]
[BlackElo "2929"]
[TimeControl "180+1"]
[EndTime "15:54:02 PST"]
[Termination "jefferyx won by resignation"]

1. d4 Nf6 2. c4 c5 3. d5 b5 4.
cxb5 a6 5. f3 axb5 6. e4 e6 7.
Bxb5 exd5 8. e5 Qa5+ 9. Nc3 d4 10. exf6 dxc3 11. Qe2+ Kd8 12. Kf2 Ba6 13. Bxa6 Rxa6 14. bxc3 Re6 15. Qc4 Nc6 16. Ne2 Ne5 17. Qd5 gxf6 18.
Rb1 Rd6 19. Rb8+ Ke7 20. Qe4 Bg7 21. Rxh8 Bxh8 22. Nf4 Qxa2+ 23. Kg3 f5 24. Qxf5 Ng6 25. Qxc5 Be5 26. Re1 Qd5 27. Ba3 Kf6 28. Rxe5 1-0

[Event "Late-Titled-Tuesday-Blitz-February-20-2024"]
[Site "Chess.com"]
[Date "2024.02.20"]
[Round "10"]
[White "JaackCamel"]
[Black "sansanathalia"]
[Result "0-1"]
[WhiteElo "2174"]
[BlackElo "2367"]
[TimeControl "180+1"]
[EndTime "15:54:06 PST"]
[Termination "sansanathalia won by resignation"]

1. d4 Nf6 2. c4 e6 3. Nc3 d5 4. cxd5 Nxd5 5. e4 Nxc3 6. bxc3 c5 7. Nf3 cxd4 8. cxd4 Bb4+ 9. Bd2 Bxd2+ 10. Qxd2 O-O 11. Be2 b6 12. O-O Bb7 13. Qe3 Nd7 14. Rfd1 Nf6 15. Nd2 Qe7 16. f3 Rfd8 17. Nc4 Rac8 18.
Ne5 Qb4 19. Rab1 Qa4 20. Qb3 Rxd4 21. Qxa4 Rxa4 22. Nd7 Nxd7 23. Rxd7 Bc6 24. Rd2 h6 25. Rbd1 Kh7 26. Rb1 Ra3 27. Bd1 Rc3 28. Bb3 a5 29.
Rd6 h5 30. Bd1 b5 31. Be2 b4 32. Ba6 Rc7 33. Rd4 Rc2 34. e5 Rxa2 35. Bd3+ g6 36.
Rc4 Rd2 37. Be4 Bxe4 38. Rxe4 Rcc2 0-1

[Event "Late-Titled-Tuesday-Blitz-February-20-2024"]
[Site "Chess.com"]
[Date "2024.02.20"]
[Round "10"]
[White "ACollins05"]
[Black "Mikhal867"]
[Result "0-1"]
[WhiteElo "2577"]
[BlackElo "2460"]
[TimeControl "180+1"]
[EndTime "15:54:07 PST"]
[Termination "Mikhal867 won on time"]

1. d4 Nf6 2. c4 g6 3. Nc3 Bg7 4. e4 O-O 5. h3 d6 6. Bg5 Nc6 7. Nf3 h6 8. Be3 e5 9. d5 Ne7 10. Qd2 Kh7 11. g4 Nd7 12. Bd3 Nc5 13. Bc2 a5 14.
O-O-O Bd7 15. Rdg1 a4 16. a3 c6 17. h4 cxd5 18.
exd5 Nb3+ 19. Bxb3 axb3 20. h5 g5 21. Ne4 f5 22.
gxf5 Nxf5 23. Nh2 Nxe3 24. Qxe3 Rc8 25. Nxd6 Rf4 26. Qxb3 e4 27. Nxc8 Qxc8 28. Rf1 Bf5 29. Rhg1 Qc5 30. Qe3 Bd4 31. Qe2 Bxf2 32. Rg2 e3 33.
Nf3 Rxc4+ 34. Kd1 Rd4+ 35. Nxd4 Qxd4+ 36. Kc1 Qc5+ 37. Kd1 Qxd5+ 38. Kc1 Qxg2 39. Rd1 Qc6+ 0-1

[Event "Late-Titled-Tuesday-Blitz-February-20-2024"]
[Site "Chess.com"]
[Date "2024.02.20"]
[Round "10"]
[White "Angry_Twin"]
[Black "Alex_Sahakyan2006"]
[Result "1-0"]
[WhiteElo "2983"]
[BlackElo "2838"]
[TimeControl "180+1"]
[EndTime "15:54:09 PST"]
[Termination "Angry_Twin won by resignation"]

1. e4 Nc6 2. d4 d5 3. e5 Bf5 4.
Nf3 e6 5. c3 f6 6. Bb5 Ne7 7.
O-O a6 8. Ba4 Bg4 9. exf6 gxf6 10. Nbd2 Qd6 11. h3 Bh5 12. Re1 O-O-O 13. Qe2 e5 14. g4 Be8 15. dxe5 fxe5 16. Bxc6 Nxc6 17.
Nxe5 h5 18. g5 h4 19. Ndf3 Kb8 20. Bf4 Bh5 21. Nxc6+ Qxc6 22. Nd4 Qb6 23. Qd2 Rg8 24. Ne6 Rc8 25. Qxd5 Bd6 26. Bxd6 cxd6 27. Nd4 Ka7 28. Re7 Qxb2 29. Rae1 Rgf8 30. Rf1 Qb1 31. Rxb1 1-0

[Event "Late-Titled-Tuesday-Blitz-February-20-2024"]
[Site "Chess.com"]
[Date "2024.02.20"]
[Round "10"]
[White "stollenmonster"]
[Black "manitodeplomo"]
[Result "1-0"]
[WhiteElo "2863"]
[BlackElo "2661"]
[TimeControl "180+1"]
[EndTime "15:54:18 PST"]
[Termination "stollenmonster won by resignation"]

1. e4 c5 2. Nf3 e6 3. Be2 a6 4. c4 Nc6 5. Nc3 Qb6 6. O-O Nf6 7. d3 Bd6 8. Be3 Ng4 9. Bc1 Qc7 10.
h3 Nge5 11. Nxe5 Bxe5 12. f4 Bd4+ 13. Kh1 O-O 14. f5 f6 15. Bf4 Be5 16. Be3 Nd4 17.
Bg4 b6 18. Ne2 Qd6 19. Nxd4 Bxd4 20. Bf4 Be5 21. Be3 Bb7 22. Qe2 Rae8 23. Rad1 exf5 24.
Bxf5 g6 25. Bg4 f5 26. Bf3 Bd4 27. Qf2 Bxe3 28. Qxe3 Qg3 29. Qe1 Qxe1 30. Rfxe1 fxe4 31. dxe4 Bc6 32. Rd3 Rf7 33. e5 Bxf3 34. gxf3 Kf8 35. Kg2 Re6 36. Kg3 Ke8 37. f4 g5 38. fxg5 Rf5 39.
h4 Rfxe5 40. Rxe5 Rxe5 41. Kf4 Re6 42. Re3 Kf7 43. Rxe6 Kxe6 44. Ke4 b5 45. b3 b4 46. h5 a5 47. g6 hxg6 48. hxg6 1-0

[Event "Late-Titled-Tuesday-Blitz-February-20-2024"]
[Site "Chess.com"]
[Date "2024.02.20"]
[Round "10"]
[White "giovannibrandao7"]
[Black "yuriydovzik"]
[Result "1-0"]
[WhiteElo "2232"]
[BlackElo "2150"]
[TimeControl "180+1"]
[EndTime "15:54:20 PST"]
[Termination "giovannibrandao7 won on time"]

1. e4 c6 2. d4 Na6 3. Nc3 g6 4. Nf3 Nc7 5. Bd3 d5 6. O-O Bg4 7. h3 Bxf3 8. Qxf3 e6 9. Bf4 Bg7 10. Rad1 Ne7 11. exd5 cxd5 12. Rfe1 O-O 13. Be5 Rc8 14.
h4 Ne8 15. h5 Nd6 16. hxg6 hxg6 17. g4 Nc4 18. Bxc4 Rxc4 19. Kg2 Bxe5 20. dxe5 Nc6 21. Rh1 Qg5 22. Kf1 Qxg4 23. Qf6 1-0

[Event "Late-Titled-Tuesday-Blitz-February-20-2024"]
[Site "Chess.com"]
[Date "2024.02.20"]
[Round "10"]
[White "thechesscorner64"]
[Black "PawnEatingZombie"]
[Result "1-0"]
[WhiteElo "2490"]
[BlackElo "2208"]
[TimeControl "180+1"]
[EndTime "15:54:26 PST"]
[Termination "thechesscorner64 won on time"]

1. e4 d6 2. d4 Nf6 3. Nc3 e5 4. Nf3 Nbd7 5. Rg1 h5 6. Bg5 Be7 7. Nh4 g6 8. Nf3 c6 9. Bc4 b5 10. Bb3 b4 11. Na4 Nxe4 12. Bxe7 Qxe7 13. dxe5 Nxe5 14. Nxe5 Qxe5 15. Qe2 O-O 16. O-O-O Qf4+ 17. Kb1 Qxf2 18. Qxe4 Bf5 19. Qf3 Qxf3 20. gxf3 Rfd8 21. Kc1 Rab8 22. c3 a5 23. Rge1 Kf8 24. Rd2 d5 25. Nc5 bxc3 26. bxc3 Re8 27. Rde2 Rxe2 28. Rxe2 Rb5 29.
Na6 a4 30. Bc2 Bxc2 31. Kxc2 a3 32. Nb4 c5 33. Nxd5 Rb2+ 34. Kd3 1-0

[Event "Late-Titled-Tuesday-Blitz-February-20-2024"]
[Site "Chess.com"]
[Date "2024.02.20"]
[Round "10"]
[White "Sajkochess"]
[Black "expii"]
[Result "1-0"]
[WhiteElo "2374"]
[BlackElo "2186"]
[TimeControl "180+1"]
[EndTime "15:54:27 PST"]
[Termination "Sajkochess won by checkmate"]

1. e4 c5 2. Nf3 d6 3. d4 cxd4 4. Nxd4 Nf6 5. Nc3 g6 6. g3 Bg7 7. Bg2 O-O 8. O-O Nc6 9. Nde2 Bd7 10. h3 h5 11. Be3 Rc8 12. b3 a6 13. Qd2 Kh7 14.
Rad1 b5 15. Nd5 Nxd5 16. exd5 Nb8 17. Bd4 Qc7 18. Bxg7 Kxg7 19. Qd4+ Kh7 20. c3 Qc5 21.
Rfe1 Qxd4 22. Rxd4 Bf5 23. g4 hxg4 24. hxg4 Bd7 25.
Re4 Rfe8 26. g5 Bf5 27. Re3 Nd7 28. Nd4 Ne5 29. Nxf5 gxf5 30. f4 Ng6 31. Bh3 e6 32.
Bxf5 Kg7 33. Bxg6 Kxg6 34. dxe6 fxe6 35. Rxe6+ Rxe6 36. Rxe6+ Kf5 37. Rf6+ Kg4 38. g6 Rg8 39. f5 Kg5 40. Rf7 d5 41. g7 Kh6 42. f6 Kg6 43. Rf8 Rxg7 44. fxg7 Kxg7 45. Rd8 Kf6 46. Rxd5 Ke6 47.
c4 bxc4 48. bxc4 a5 49. Rxa5 Kd6 50. Kf2 Kc6 51. Ke3 Kb6 52. Rd5 Kc6 53. Kd4 Kb6 54.
c5+ Kb7 55. Rd6 Kc7 56. Kd5 Kb7 57. a4 Kc7 58. a5 Kb7 59. a6+ Ka7 60. Kc4 Ka8 61. Kb5 Kb8 62. Kb6 Kc8 63. Rh6 Kd7 64. a7 Ke7 65. a8=N Kf7 66. c6 Kg7 67. c7 Kxh6 68. c8=B Kg5 69. Kc6 Kf4 70. Kd5 Ke3 71.
Nb6 Kf4 72. Nc4 Kg5 73. Ke5 Kh4 74. Kf4 Kh5 75. Ne5 Kh6 76. Kf5 Kg7 77. Be6 Kh6 78. Kf6 Kh5 79. Ng6 Kh6 80. Bg8 Kh5 81. Ne5 Kh4 82.
Kf5 Kg3 83. Ng4 Kf3 84. Bc4 Kg3 85. Bd5 Kh4 86. Kf4 Kh5 87. Bf7+ Kh4 88. Ne3 Kh3 89.
Be8 Kh4 90. Ng2+ Kh3 91. Kf3 Kh2 92. Kf2 Kh3 93. Bd7+ Kh2 94. Ne3 Kh1 95. Bc8 Kh2 96. Nf1+ Kh1 97. Bb7# 1-0

[Event "Late-Titled-Tuesday-Blitz-February-20-2024"]
[Site "Chess.com"]
[Date "2024.02.20"]
[Round "10"]
[White "ridnani1"]
[Black "subham777"]
[Result "1-0"]
[WhiteElo "2405"]
[BlackElo "2573"]
[TimeControl "180+1"]
[EndTime "15:54:28 PST"]
[Termination "ridnani1 won by resignation"]

1. e4 e6 2. d4 d5 3. Nd2 c5 4.
Ngf3 cxd4 5. exd5 Qxd5 6. Bc4 Qd7 7. O-O Nc6 8. Nb3 Nf6 9. Nbxd4 Nxd4 10. Nxd4 a6 11. c3 Bc5 12. Bg5 Nd5 13. Re1 O-O 14.
Qg4 b5 15. Bxd5 exd5 16. Qxd7 Bxd7 17. Be7 Bxe7 18. Rxe7 Rad8 19. Rae1 g6 20. f4 Kg7 21. R1e5 Bc8 22. Kf2 h5 23. Ra7 Rd6 24. Ree7 Rf6 25.
g3 Rd8 26. Nf3 Be6 27. Rxa6 Rb8 28. Ng5 Kf8 29. Raa7 b4 30. Nh7+ Kg7 31. Nxf6 bxc3 32. Ne8+ Kf8 33. bxc3 Rb2+ 34. Ke3 Rc2 35. Nd6 Rxc3+ 36.
Kd2 Rf3 37. a4 d4 38. a5 Bh3 39. Rxf7+ Kg8 40. Ra8+ 1-0

[Event "Late-Titled-Tuesday-Blitz-February-20-2024"]
[Site "Chess.com"]
[Date "2024.02.20"]
[Round "10"]
[White "MagnusCarlsen"]
[Black "BilodeauA"]
[Result "1-0"]
[WhiteElo "3330"]
[BlackElo "3048"]
[TimeControl "180+1"]
[EndTime "15:54:29 PST"]
[Termination "MagnusCarlsen won by resignation"]

1. Nf3 d5 2. d3 Nc6 3. Nbd2 e5 4.
e4 Nf6 5. Be2 Bc5 6. O-O O-O 7.
b3 Re8 8. Bb2 a5 9. a3 h6 10. c3 Bf8 11. b4 axb4 12. axb4 Rxa1 13.
Qxa1 b5 14. Re1 Bb7 15. Bf1 Qd7 16. h3 Bd6 17. exd5 Nxd5 18. Ne4 Bf8 19. Qb1 Nf4 20.
Bc1 Ne6 21. Be3 f6 22. Rd1 Ne7 23. d4 exd4 24. Nxd4 Nxd4 25. Bxd4 Qc6 26. Nc5 Ba8 27. Qa2+ Nd5 28. Qa5 Rb8 29. Na6 Rb7 30. Re1 Nf4 31. Qa2+ Kh8 32. Qf7 Bd6 1-0

[Event "Late-Titled-Tuesday-Blitz-February-20-2024"]
[Site "Chess.com"]
[Date "2024.02.20"]
[Round "10"]
[White "Sargsyan_Shant"]
[Black "dropstoneDP"]
[Result "1/2-1/2"]
[WhiteElo "2910"]
[BlackElo "3006"]
[TimeControl "180+1"]
[EndTime "15:54:30 PST"]
[Termination "Game drawn by repetition"]

1. c4 c5 2. g3 Nf6 3. Bg2 Nc6 4. Nc3 e6 5. Nf3 d5 6. cxd5 exd5 7. d4 cxd4 8. Nxd4 Bc5 9. Nb3 Bb6 10. O-O d4 11.
Na4 O-O 12. Bg5 h6 13. Nxb6 axb6 14. Bxc6 bxc6 15. Bxf6 Qxf6 16. Qxd4 Rd8 17. Qxf6 gxf6 18. Rfd1 Rxd1+ 19. Rxd1 Be6 20. Nc1 Bxa2 21. Nxa2 Rxa2 22. Rd6 Kg7 23. Rxc6 Rxb2 24. e3 b5 25. Rb6 b4 26.
Kg2 b3 27. g4 Rb1 28. h4 Rb2 29.
Kg3 Rb1 30. Kf4 Rb2 31. f3 Rb1 32. h5 Rb2 33. e4 Rb1 34. Kf5 b2 35. f4 Rc1 36. Rxb2 Rc5+ 37. e5 fxe5 38. fxe5 Rc1 39. Rf2 Re1 40. Rf4 Re2 41. Rf1 Rg2 42. Kf4 Re2 43.
Rf3 Re1 44. Rf2 f6 45. exf6+ Kxf6 46. Rf3 Re7 47. Ra3 Kg7 48. Ra5 Rb7 49. Ra6 Rc7 50. Rg6+ Kh7 51. Re6 Kg7 52. Kf5 Rf7+ 53. Ke5 Ra7 54.
Rg6+ Kh7 55. Rd6 Kg7 56. Ke6 Rb7 57. Rd7+ Rxd7 58. Kxd7 Kf7 59. Kd8 Kf8 60. Kd7 Kf7 61. Kd8 Kf8 62. Kd7 Kf7 1/2-1/2

[Event "Late-Titled-Tuesday-Blitz-February-20-2024"]
[Site "Chess.com"]
[Date "2024.02.20"]
[Round "10"]
[White "yaguigor"]
[Black "Muracle"]
[Result "0-1"]
[WhiteElo "2614"]
[BlackElo "2509"]
[TimeControl "180+1"]
[EndTime "15:54:31 PST"]
[Termination "Muracle won by resignation"]

1. d4 Nf6 2. c4 e6 3. Nc3 Bb4 4. f3 c5 5. d5 exd5 6. cxd5 d6 7. e4 O-O 8. Ne2 Re8 9. a3 Bxc3+ 10. Nxc3 Nbd7 11. Be2 a6 12. a4 Ne5 13. O-O Bd7 14.
Be3 Ng6 15. Qd2 Qe7 16. Rab1 b5 17. axb5 axb5 18. Bxb5 Bxb5 19. Nxb5 Ne5 20. Rfc1 Reb8 21. Na3 Rb3 22. Nc4 Nxc4 23. Rxc4 Rab8 24. Rc3 h6 25. Qc2 R3b4 26. b3 Qe5 27. Bf2 Nd7 28. Rc4 R4b7 29. g3 Nb6 30. Rc3 Na4 31. Rd3 Rb4 32. Kg2 c4 33.
Re3 Nc5 34. Rc3 cxb3 35. Qd2 Nxe4 36. fxe4 Qxe4+ 37. Kh3 Qxb1 38. Rc7 Qf5+ 39. Kg2 b2 0-1

[Event "Late-Titled-Tuesday-Blitz-February-20-2024"]
[Site "Chess.com"]
[Date "2024.02.20"]
[Round "10"]
[White "OverallStranger"]
[Black "IMRosen"]
[Result "0-1"]
[WhiteElo "2366"]
[BlackElo "2663"]
[TimeControl "180+1"]
[EndTime "15:54:33 PST"]
[Termination "IMRosen won by resignation"]

1. d4 d5 2. c4 e6 3. Nc3 Nf6 4. cxd5 exd5 5. Bg5 c6 6. e3 Bd6 7. Qc2 O-O 8. Bd3 h6 9. Bh4 Re8 10. Nf3 Be6 11. O-O Nbd7 12. Rab1 a5 13. a3 Rc8 14. b4 axb4 15. axb4 b5 16. Bg3 Bxg3 17. hxg3 Ng4 18. Ne2 Nb6 19. Nc1 Nc4 20. Nb3 Na3 21. Qb2 Nxb1 22. Qxb1 Ra8 23. Nc5 Qd6 24. Qb3 Ra7 25. Bc2 g6 26. Qb1 Kg7 27. Nh4 Bd7 28. Qd1 h5 29. Nf3 Rea8 30. Bb1 Qf6 31. Qd3 Bf5 32.
e4 dxe4 33. Nxe4 Bxe4 34. Qxe4 Rd8 35. Rc1 Rd6 36. Ne5 Qxf2+ 37. Kh1 Rxd4 38. Nxg4 hxg4 39. Qe5+ f6 40. Qe8 Rf7 41. Re1 Rd5 42. Bxg6 Kxg6 43. Qg8+ Rg7 44. Qe8+ Kh6 45. Qh8+ Rh7 0-1

[Event "Late-Titled-Tuesday-Blitz-February-20-2024"]
[Site "Chess.com"]
[Date "2024.02.20"]
[Round "10"]
[White "vi_pranav"]
[Black "Beca95"]
[Result "1-0"]
[WhiteElo "3023"]
[BlackElo "2905"]
[TimeControl "180+1"]
[EndTime "15:54:40 PST"]
[Termination "vi_pranav won by resignation"]

1. e4 c5 2. Nf3 d6 3. d4 cxd4 4. Nxd4 Nf6 5. Nc3 a6 6. Bc4 e6 7.
a4 Qc7 8. Qe2 Nc6 9. Nxc6 bxc6 10. a5 Rb8 11. O-O Be7 12. Bxa6 Bxa6 13. Qxa6 O-O 14.
Qe2 d5 15. a6 Ra8 16. Be3 Bd6 17. h3 Be5 18. exd5 exd5 19. Rfd1 Rfb8 20. Ra2 h6 21. Qd3 Rb4 22. Na4 Ne4 23. Nc5 Nd6 24. c3 Rb5 25.
Bd4 f6 26. b4 Nc4 27. Re2 Rxc5 28. Bxc5 Kf7 29. f4 Bxf4 30. Re7+ Qxe7 31. Bxe7 Kxe7 32. Ra1 Bc7 33. b5 Bb6+ 34. Kh1 Ne5 35. Qd1 Kd6 36. bxc6 Kxc6 37. Qa4+ Kc7 38. Qb5 Rd8 39. a7 Ra8 40.
Ra6 Nd7 41. Qxd5 Rxa7 42. Rxa7+ Bxa7 43. Qg8 g5 44. Qh7 Bf2 45. Qxh6 Kd6 46. Qg6 Bc5 47. Qe4 Ne5 48. c4 Ke7 49. Qd5 Nd7 50. g3 Bd6 51. Kg2 Nc5 52. h4 gxh4 53. gxh4 Ne6 54. Kf1 Nf4 55. Qe4+ Be5 56. c5 Ke6 57. Qc4+ Kd7 58. h5 Kc6 59. h6 1-0

[Event "Late-Titled-Tuesday-Blitz-February-20-2024"]
[Site "Chess.com"]
[Date "2024.02.20"]
[Round "10"]
[White "Vasily85"]
[Black "Sanyura"]
[Result "0-1"]
[WhiteElo "2469"]
[BlackElo "2616"]
[TimeControl "180+1"]
[EndTime "15:54:45 PST"]
[Termination "Sanyura won by resignation"]

1. e4 c5 2. Nf3 e6 3. Nc3 Nc6 4. d4 cxd4 5. Nxd4 Nf6 6. Nxc6 bxc6 7. Bd3 d5 8. O-O Be7 9. Qe2 O-O 10. Bf4 a5 11. a4 Qb6 12. exd5 cxd5 13. Nb5 Bd7 14. Be5 Rac8 15. c3 Bxb5 16. axb5 Nd7 17. Bd4 Bc5 18. Ra4 g6 19. Rfa1 e5 20. Bxc5 Nxc5 21. Rxa5 d4 22. Bc4 dxc3 23. bxc3 Nb7 24. Ra7 Nd6 25. Bd5 Rxc3 26. Qxe5 Qxa7 27. Qxc3 Nxb5 28.
Qb2 Qd4 29. Bf3 Qxb2 0-1

[Event "Late-Titled-Tuesday-Blitz-February-20-2024"]
[Site "Chess.com"]
[Date "2024.02.20"]
[Round "10"]
[White "jamengrand"]
[Black "djano"]
[Result "1-0"]
[WhiteElo "2384"]
[BlackElo "2626"]
[TimeControl "180+1"]
[EndTime "15:54:45 PST"]
[Termination "jamengrand won by checkmate"]

1. e4 c5 2. Nf3 Nc6 3. d4 cxd4 4. Nxd4 g6 5. c4 e5 6. Nxc6 bxc6 7. Be3 Nf6 8. Nc3 Bb4 9. Qf3 O-O 10. Bg5 Kg7 11. Bd3 h6 12. Bd2 Rb8 13. O-O d6 14.
Qe3 Ng4 15. Qxa7 Rb7 16. Qa4 Bc5 17. h3 Nxf2 18. Rxf2 Rxb2 19. Be1 f5 20. Nd1 Rb6 21. Kh1 fxe4 22. Rxf8 Qxf8 23. Be2 Qf4 24. Qa7+ Rb7 25. Qa8 Rc7 26. Qb8 Qf7 27. Ba5 Ra7 28. Qxc8 Rxa5 29. Rb1 Ra7 30. Rb8 Kf6 31. Qh8+ Kg5 32. Rf8 Qg7 33.
g3 Qxh8 34. h4# 1-0

[Event "Late-Titled-Tuesday-Blitz-February-20-2024"]
[Site "Chess.com"]
[Date "2024.02.20"]
[Round "10"]
[White "Agentxya"]
[Black "cukricek"]
[Result "1-0"]
[WhiteElo "2292"]
[BlackElo "2439"]
[TimeControl "180+1"]
[EndTime "15:54:45 PST"]
[Termination "Agentxya won on time"]

1. e4 c5 2. Nf3 g6 3. d4 cxd4 4.
Nxd4 Nc6 5. c4 Nf6 6. Nc3 d6 7.
Be2 Nxd4 8. Qxd4 Bg7 9. Be3 O-O 10. Qd2 a5 11. O-O a4 12. Rab1 Qa5 13. Rfc1 Be6 14.
f3 Rfc8 15. b3 axb3 16. axb3 Qb4 17. Kf2 Nd7 18. Nb5 Qxd2 19. Bxd2 Ra2 20. Be3 Nc5 21. Ke1 Bd7 22. Nc3 Ra3 23. Nd5 Kf8 24. Nb6 Rc7 25. Nd5 Rc6 26. Bf2 Nxb3 27. Rd1 Rca6 28.
c5 R6a5 29. cxd6 exd6 30. Bb6 Ra8 31. Bc7 Be5 32. f4 Kg8 33. fxe5 dxe5 34. Bxe5 Nc5 35. Bf3 1-0

[Event "Late-Titled-Tuesday-Blitz-February-20-2024"]
[Site "Chess.com"]
[Date "2024.02.20"]
[Round "10"]
[White "toninhojit"]
[Black "aghasiyevkamal"]
[Result "0-1"]
[WhiteElo "2469"]
[BlackElo "2631"]
[TimeControl "180+1"]
[EndTime "15:54:49 PST"]
[Termination "aghasiyevkamal won by resignation"]

1. e4 e5 2. Nf3 Nc6 3. Bc4 Bc5 4. c3 Nf6 5. d3 d6 6. h3 a5 7. a4 h6 8. Na3 Be6 9. Bb5 Ba7 10. Nc2 O-O 11.
Be3 Ne7 12. Bxa7 Rxa7 13. Ne3 c6 14. Bc4 d5 15. exd5 cxd5 16. Bb3 Ng6 17. O-O Qb6 18. Re1 Raa8 19. d4 e4 20. Ne5 Nf4 21. Ra3 Rad8 22. N3g4 Bxg4 23. hxg4 Nd7 24. Nxd7 Rxd7 25. Qd2 Qf6 26.
g3 Ne6 27. Bd1 Ng5 28. Kg2 Qd6 29. Qf4 Qb6 30. Rb3 Qc6 31. Rb5 Rd6 32. Rc5 Qd7 33. Qf5 Qd8 34. Bb3 g6 35. Qf4 b6 36. Rc8 Qe7 37.
Rxf8+ Kxf8 38. Rh1 Kg7 39. Rd1 Nf3 40. Rh1 g5 41.
Qf5 Rf6 42. Qxd5 e3 43. fxe3 Qxe3 44. Rf1 Qe2+ 45. Rf2 Ne1+ 0-1

[Event "Late-Titled-Tuesday-Blitz-February-20-2024"]
[Site "Chess.com"]
[Date "2024.02.20"]
[Round "10"]
[White "McCarthyStone"]
[Black "ritanovikova"]
[Result "0-1"]
[WhiteElo "2344"]
[BlackElo "2231"]
[TimeControl "180+1"]
[EndTime "15:54:49 PST"]
[Termination "ritanovikova won on time"]

1. e4 d5 2. e5 f6 3. exf6 exf6 4. d4 Bd6 5. Bd3 Ne7 6. Qh5+ Kf8 7. Nc3 Be6 8. Nge2 c6 9. Bf4 Bf7 10. Qf3 Ng6 11.
Bxd6+ Qxd6 12. O-O-O b5 13. h4 a5 14. h5 Ne7 15. h6 g6 16. Nf4 a4 17. Rde1 b4 18. Nb1 b3 19. a3 Nd7 20. Re2 c5 21. dxc5 Nxc5 22. Rhe1 Rc8 23. Rxe7 Qxf4+ 24. Kd1 Nxd3 25. Qxf4 bxc2+ 26. Kd2 Nxf4 27. Nc3 d4 28. Nxa4 c1=Q+ 29. Rxc1 Rxc1 30. Ra7 Rc8 31. g3 Nd5 32. b4 f5 33.
b5 Rb8 0-1

[Event "Late-Titled-Tuesday-Blitz-February-20-2024"]
[Site "Chess.com"]
[Date "2024.02.20"]
[Round "10"]
[White "GMBenjaminBok"]
[Black "Phamtrangiaphuc2009"]
[Result "0-1"]
[WhiteElo "2974"]
[BlackElo "2514"]
[TimeControl "180+1"]
[EndTime "15:54:54 PST"]
[Termination "Phamtrangiaphuc2009 won on time"]

1. d4 Nf6 2. c4 e6 3. Nc3 Bb4 4. Qc2 c5 5. dxc5 O-O 6. a3 Bxc5 7. Nf3 b6 8. Bf4 Bb7 9. Rd1 Nc6 10. e3 Nh5 11. Bg3 Be7 12. Bd3 f5 13. O-O Nxg3 14.
hxg3 Rc8 15. Be2 Na5 16. Ne5 d6 17. b4 Qe8 18. bxa5 dxe5 19. Nb5 Qxb5 20. cxb5 Rxc2 21. Rd7 Rxe2 22. Rxe7 Bd5 23. Rc1 h5 24. Rcc7 Kh7 25. Rxg7+ Kh6 26. a6 f4 27. gxf4 exf4 28. exf4 Rxf4 29.
f3 h4 30. Rxa7 Ra4 31. Rh7+ Kg6 32. Rag7+ Kf6 33. Rg8 Rxa3 34. Rxh4 Rb2 35. Rh6+ Ke7 36. a7 Kd6 0-1

[Event "Late-Titled-Tuesday-Blitz-February-20-2024"]
[Site "Chess.com"]
[Date "2024.02.20"]
[Round "10"]
[White "boguszp"]
[Black "TheMagician"]
[Result "0-1"]
[WhiteElo "2006"]
[BlackElo "2201"]
[TimeControl "180+1"]
[EndTime "15:54:54 PST"]
[Termination "TheMagician won by checkmate"]

1. d4 Nf6 2. Bf4 Nh5 3. Bg5 h6 4. Bh4 g5 5. e4 Nf4 6. Bg3 Bg7 7. h4 c5 8. hxg5 hxg5 9. Rxh8+ Bxh8 10. Nf3 cxd4 11. Nxg5 Qa5+ 12. Qd2 Qxd2+ 13. Nxd2 e5 14. O-O-O Ne6 15. Ngf3 Nc6 16. Nc4 f6 17. Nd6+ Ke7 18.
Nf5+ Kf7 19. Bc4 Kg6 20. Rh1 Bg7 21. N3h4+ Kf7 22. Nd6+ Kg8 23. Nhf5 Bf8 24. Bh4 Bxd6 25. Nxd6 Kg7 26. Ne8+ Kg6 27. Nxf6 d6 28. Ne8 Nc5 29.
Nxd6 a6 30. f3 Be6 31. Bxe6 Nxe6 32. Nxb7 Nb4 33. a3 Rb8 34. Nd6 Na2+ 35. Kb1 Nc3+ 36. Ka1 Na4 37. Nf5 Rxb2 38. Bg3 Rxc2 39. Bxe5 Nc3 40.
Ne7+ Kf7 41. Rh7+ Ke8 42. Rh8+ Kxe7 43. Rh7+ Ke8 44. Rh8+ Kd7 45. Rh7+ Kc6 46. Bxd4 Ra2# 0-1

[Event "Late-Titled-Tuesday-Blitz-February-20-2024"]
[Site "Chess.com"]
[Date "2024.02.20"]
[Round "10"]
[White "otrov-11"]
[Black "dolynachess"]
[Result "1-0"]
[WhiteElo "2609"]
[BlackElo "2450"]
[TimeControl "180+1"]
[EndTime "15:54:56 PST"]
[Termination "otrov-11 won on time"]

1. d4 Nf6 2. c4 c5 3. d5 b5 4.
cxb5 a6 5. f3 g6 6. e4 d6 7. Na3 Bg7 8. Ne2 O-O 9. Nc3 e6 10.
Bc4 Re8 11. O-O Bb7 12. Bg5 h6 13. Bh4 g5 14. Bg3 exd5 15. Nxd5 Nxd5 16. Bxd5 Bxd5 17.
Qxd5 Ra7 18. b6 Qxb6 19. Nc4 Qb4 20. Nxd6 Rd8 21. Rad1 Rad7 22. e5 Qxb2 23. e6 fxe6 24. Qxe6+ Kh7 25. Qf5+ Kg8 26. Qe6+ Kh7 27. Kh1 Qf6 28.
Qe4+ Qg6 29. Qa8 c4 30. Rc1 Rxd6 31. Bxd6 Qxd6 32. Rxc4 Qd5 33. Qxd5 Rxd5 34. h4 Nd7 35. Rb1 Ne5 36. Rc7 Kg6 37. Rb6+ Bf6 38. hxg5 hxg5 39. Rxa6 g4 40. f4 g3 41. Rxf6+ Kxf6 42. fxe5+ Kxe5 43.
Rc1 Rd2 44. Ra1 Kd5 45. Kg1 Kc6 46. Kf1 Kb5 47. a4+ Ka5 48. Ra3 Rf2+ 49. Kg1 1-0